 Dungeon Crawl Stone Soup version 0.29-a0-816-g82769f0e0c (webtiles) character file.

Game seed: 9634381444782833702

185 27snakeeyes612 the Digger (level 5, -2/28 HPs)
             Began as a Gargoyle Earth Elementalist on July 5, 2022.
             Slain by a kobold
             ... wielding a +0 club
              (3 damage)
             ... on level 3 of the Dungeon.
             The game lasted 00:04:00 (2256 turns).

27snakeeyes612 the Digger (GrEE)                    Turns: 2256, Time: 00:04:01

Health: -2/28      AC:  7    Str: 12    XL:     5   Next: 64%
Magic:  5/9        EV: 12    Int: 17    God:
Gold:   108        SH:  0    Dex: 10    Spells: 8/9 levels left

rFire   . . .      SeeInvis .   (no weapon)
rCold   . . .      Faith    .   (no shield)
rNeg    + . .      Spirit   .   a - +1 robe
rPois   ∞          Reflect  .   (no helmet)
rElec   +          Harm     .   (no cloak)
rCorr   .          Rampage  .   (no gloves)
Will    .....                   (no boots)
Stlth   ++........              (no amulet)
HPRegen 0.09/turn               (no ring)
MPRegen 0.11/turn               (no ring)

@: no status effects
A: sickness immunity, AC +4, negative energy resistance 1, electricity
resistance, torment resistance 1, petrification resistance
a: no special abilities


You were on level 3 of the Dungeon.
You visited 1 branch of the dungeon, and saw 3 of its levels.

You collected 108 gold pieces.

Inventory:

Missiles
 g - 59 stones
Armour
 a - a +1 robe (worn)
 e - a scarf of shadows
Wands
 m - a wand of iceblast (4)
Potions
 b - a potion of magic
 c - a potion of lignification
 h - a potion of curing {unknown}
 k - 2 potions of brilliance {unknown}
 l - a potion of berserk rage {unknown}


   Skills:
 + Level 2.4 Dodging
 + Level 3.6 Stealth
 + Level 2.9 Spellcasting
 + Level 1.9 Transmutations
 + Level 4.6 Earth Magic


You had 8 spell levels left.
You knew the following spells:

 Your Spells              Type           Power      Damage    Failure   Level
a - Sandblast             Erth           36%        2d10      2%          1

Your spell library contained the following spells:

 Spells                   Type           Power      Damage    Failure   Level
 Passwall                 Tmut/Erth      10%        N/A       7%          2
 Stone Arrow              Conj/Erth      20%        3d8       21%         3
 Poisonous Vapours        Pois/Air       4%         N/A       26%         2
 Petrify                  Tmut/Erth      13%        N/A       41%         4
 Corpse Rot               Necr/Pois/Air  2%         N/A       87%         4


Dungeon Overview and Level Annotations

Branches:
Dungeon (3/15)

Altars:

Shops:
D:2 [


Innate Abilities, Weirdness & Mutations

You are immune to sickness and miasma.
Your stone body is resilient. (AC +4)
You are immune to poison.
You resist negative energy. (rN+)
You are resistant to electric shocks. (rElec)
You are resistant to unholy torment.
You are immune to petrification.


Message History

Aiming: Sandblast (safe; 3% risk of failure)
Press: ? - help, Q - select action, (/) - cycle Shift-Dir - straight line, f/p - phantom
Aim: a phantom (heavily damaged, 71% to hit)
The blast of sand hits the phantom!
The phantom is almost destroyed.
The phantom misses you.
The phantom hits you but does no damage.
Aiming: Sandblast (safe; 3% risk of failure)
Press: ? - help, Q - select action, (/) - cycle Shift-Dir - straight line, f/p - phantom
Aim: a phantom (severely damaged, 71% to hit)
The blast of sand misses the phantom.
The phantom hits you but does no damage.
The phantom barely misses you. Magic courses through your body.
The kobold misses you. The phantom closely misses you.
Aiming: Sandblast (safe; 3% risk of failure)
Press: ? - help, Q - select action, (/) - cycle Shift-Dir - straight line, f/p - phantom
Aim: a phantom (severely damaged, 71% to hit)
The blast of sand hits the phantom.
The phantom is severely damaged.
The kobold hits you but does no damage. The phantom hits you.
The phantom blinks!
You blink.
The phantom hits you.
* * * LOW HITPOINT WARNING * * *
The phantom blinks!
You blink.
Aiming: Sandblast (safe; 3% risk of failure)
Press: ? - help, Q - select action, (/) - cycle Shift-Dir - straight line, f/p - phantom
Aim: a phantom (severely damaged, 71% to hit)
The blast of sand hits the phantom!
You destroy the phantom!
The kobold hits you but does no damage. The kobold closely misses you.
You have reached level 5!
Aiming: Sandblast (safe; 2% risk of failure)
Press: ? - help, Q - select action, (/) - cycle Shift-Dir - straight line, f - kobold
Aim: a kobold, wielding a +0 club (74% to hit)
The blast of sand hits the kobold.
The kobold is severely wounded.
The kobold hits you with a +0 club.
* * * LOW HITPOINT WARNING * * *
The kobold hits you with a +0 club.
You die...

#########.####
#......K......
#..####.#.####
#..####.#
#....##.#
#.......#
####.......#
#......K..########
#.##...@..##..)..#
# #..###...#..<..#
....# ##........#
#... #........#
#..# ###......#
#.# ##.##### #.
#.# #.# ..#


You could see a kobold.

Vanquished Creatures
  A phantom (D:3)
  Jessica (D:2)
  4 adders (D:2)
  3 endoplasms (D:2)
  2 giant cockroaches (D:2)
  8 hobgoblins
  3 jackals (D:2)
  9 kobolds
  3 quokkas
  3 ball pythons (D:1)
  5 bats (D:2)
  3 frilled lizards
  2 goblins
  3 rats
50 creatures vanquished.

Notes
Turn   | Place    | Note
-------+----------+-------------------------------------------
     0 | D:1      | 27snakeeyes612 the Gargoyle Earth Elementalist began the
                  | quest for the Orb.
     0 | D:1      | Reached XP level 1. HP: 10/10 MP: 3/3
   306 | D:1      | Reached skill level 1 in Transmutations
   306 | D:1      | Reached XP level 2. HP: 15/15 MP: 3/5
  1252 | D:2      | Reached skill level 4 in Earth Magic
  1252 | D:2      | Reached XP level 3. HP: 17/19 MP: 2/6
  1301 | D:2      | Noticed Jessica
  1309 | D:2      | Killed Jessica
  1311 | D:2      | Reached XP level 4. HP: 19/24 MP: 2/7
  1369 | D:2      | Found Zauxopta's Antique Armour Emporium.
  2242 | D:3      | Noticed a phantom
  2255 | D:3      | Killed a phantom
  2256 | D:3      | Reached XP level 5. HP: 3/28 MP: 6/9
  2256 | D:3      | HP: 1/28 [kobold/+0 club (2)]
  2256 | D:3      | Slain by a kobold

Illustrated notes

Levels and vault maps discovered:
D:1:      psy_arrival_basics, layout_basic
D:2:      minmay_razor_zed, layout_rooms, serial_shops, shop_statue,
          uniq_jessica
D:3:      cheibrodos_greedy_goblins, layout_loops_cross, fiery_altar_vehumet,
          mainiacjoe_overflow_tiny_flanked, mainiacjoe_overflow_boulevard,
          mainiacjoe_overflow_alcove_1, hellmonk_ecumenical_altar_lost_god,
          serial_shops, shop, grunt_ministairs_12, uniq_robin

Skill      XL: |  1  2  3  4 |
---------------+-------------+-----
Transmutations | 1 |  1.9
Earth Magic    | 4 |  4.6
Dodging        | 2 |  2.4
Stealth        | 3 |  3.6
Spellcasting   | |  2.9

Action                   |  1- 3 |  4- 6 || total
-------------------------+-------+-------++-------
Melee: Unarmed           |     3 |    15 ||    18
 Cast: Sandblast         |    34 |    48 ||    82
  Use: Scroll            |       |     6 ||     6
       Potion            |       |     1 ||     1
Armor: Robe              |     6 |    24 ||    30
Dodge: Dodged            |    18 |    37 ||    55

Table legend: (Time is in decaauts)
 A = Elapsed time spent in this place.
 B = Non-inter-level travel time spent in this place.
 C = Inter-level travel time spent in this place.
 D = Time resting spent in this place.
 E = Time spent auto-exploring this place.
 F = Levels seen in this place.
 G = Mean time per level.
                   A        B        C        D        E       F      G
               +--------+--------+--------+--------+--------+-----+--------+
         Total |   2340 |   2263 |     77 |      0 |   1907 |   3 |  780.0 |
       Dungeon |   2340 |   2263 |     77 |      0 |   1907 |   3 |  780.0 |
               +--------+--------+--------+--------+--------+-----+--------+

Top non-repeatable levels by time:
     D:2: 1153 daAuts
     D:1: 1145 daAuts
     D:3: 41 daAuts
